Match 46735682
Unlisted

Match 46735682
End
Scout Squad
Selects Airborne Battlegroup
Selects Heavy Machine Gun Paradrop
Heavy Machine Gun Paradrop
Engineer Squad
Engineer Squad
Construct Medical Station
Mechanized Support Center
Heavy Machine Gun Paradrop
Designate Forward Repair Station
Construct Weapon Support Center
Selects Paratrooper Squad Paradrop
Selects Recon Loiter
M3 Armored Personnel Carrier
M3 Armored Personnel Carrier
Selects Supply Drop
Selects Paratrooper Squad Paradrop
Supply Drop
M3 Armored Personnel Carrier
.30 cal Machine Gun
.30 cal Machine Gun
Supply Drop
Recon Loiter
.30 cal Machine Gun
Construct Tank Depot
Supply Drop
M4A1 Sherman Medium Tank
Selects Dual P-47 Rocket Strike
Recon Loiter
Supply Drop
M4A1 Sherman Medium Tank
Recon Loiter
M4A1 76mm Conversion
Improvised Armor
Recon Loiter
Supply Drop
M4A1(76) Sherman Medium Tank
Selects Anti-tank Gun Team Paradrop
Bego
aSIIDemolitionHammer
Sani
Ermac
0
0

Comments sign in to comment!

No comments posted yet!